 Dungeon Crawl Stone Soup version bcrawl-1.37.2 (webtiles) character file.

Game seed: 12064176541901637910

275554 Mehrunes the Cleaver (level 9, -5/48 HPs)
             Began as a Skeleton Skald on Oct 28, 2022.
             Was an Elder of Kikubaaqudgha.
             Shot with an arrow by a centaur warrior (11 damage)
             ... on level 7 of the Dungeon.
             The game lasted 00:21:32 (6972 turns).

Mehrunes the Cleaver (Skeleton Skald)               Turns: 6972, Time: 00:21:32

Health: -5/48      AC: 10    Str: 14 (17) XL:     9   Next: 54%
Magic:  0/13       EV:  4    Int: 12 (16) God:    Kikubaaqudgha [****..]
Gold:   538        SH:  8    Dex:  5 (8)  Spells: 6/14 levels left

rFire    . . .     GDR:     17% r - +0 hand axe (elec)
rCold    + . .     SeeInvis .   E - +2 medium shield
rNeg     + + +     Gourm    .   x - +0 scale mail
rPois    ∞         Faith    .   h - +1 helmet
rElec    .         Spirit   +   (no cloak)
rCorr    .         Reflect  .   (no gloves)
MR       +....                  t - +1 pair of boots
Stlth    ..........             d - amulet of magic regeneration
HPRegen  0.18/turn              A - ring of wizardry
MPRegen  0.33/turn              z - ring of positive energy

@: no status effects
A: no food or potions, cold resistance 1, deterioration 1, negative energy
resistance 3, powered by death 1, torment resistance, unbreathing, magic shield,
sturdy frame 1, spell healing
a: Receive Corpses, Renounce Religion


You were on level 7 of the Dungeon.
You worshipped Kikubaaqudgha.
Kikubaaqudgha was greatly pleased with you.
You were not hungry.

You visited 1 branch of the dungeon, and saw 7 of its levels.
You also visited: Sewer.

You collected 538 gold pieces.

Inventory:

Hand Weapons
 a - a +0 war axe
 f - a +2 hunting sling of flaming
 n - a +0 blowgun
 r - a +0 hand axe of electrocution (weapon)
 D - a +1 whip of flaming
Missiles
 g - 1881 stones (quivered)
 o - 44 poisoned needles
Armour
 b - a +0 leather armour
 h - a +1 helmet (worn)
 l - a +0 plate armour
 t - a +1 pair of boots (worn)
 u - a cursed +0 pair of gloves
 x - a +0 scale mail (worn)
 B - a +0 ring mail
 E - a +2 medium shield (worn)
Jewellery
 d - an amulet of magic regeneration (around neck)
 k - a +2 ring of protection
 s - an uncursed ring of poison resistance
 z - a ring of positive energy (right hand)
 A - a ring of wizardry (left hand)
Wands
 j - a wand of flame (19)
Scrolls
 c - 2 scrolls of fog
 e - a scroll of fear
 i - 3 scrolls of identify
 m - 5 scrolls of blinking
 p - 2 scrolls of magic mapping
 q - 4 scrolls of teleportation
 v - a scroll of remove curse
 w - a scroll of immolation {unknown}
 y - a scroll of enchant armour {unknown}
 C - a scroll of summoning {unknown}
 F - a scroll of torment {unknown}


   Skills:
 - Level 2.0 Fighting
 + Level 14.0 Axes
 - Level 1.1 Armour
 - Level 2.0 Dodging
 - Level 3.0 Spellcasting
 - Level 3.0 Hexes
 - Level 6.0 Charms


You had 6 spell levels left.
You knew the following spells:

 Your Spells              Type           Power        Failure   Level  Hunger
a - Infusion              Chrm           ###.....     67%         1    N/A
b - Song of Slaying       Chrm           ###.....     80%         2    N/A
c - Swiftness             Chrm/Air       #.......     99%         2    N/A
d - Spectral Weapon       Hex/Chrm       ##......     99%         3    N/A

Your spell library contained the following spells:

 Spells                   Type           Power        Failure   Level  Hunger
 Slow                     Hex            #.......     96%         1    N/A
 Magic Dart               Conj           #...         100%        1    N/A
 Necrotize                Necr           #.....       100%        1    N/A
 Blink                    Tloc           N/A          100%        2    N/A
 Call Imp                 Summ           #.....       100%        2    N/A
 Corpse Rot               Necr           N/A          100%        2    N/A
 Ensorcelled Hibernation  Hex/Ice        #.....       100%        2    N/A
 Confuse                  Hex            #.......     100%        3    N/A
 Conjure Flame            Conj/Fire      #.......     100%        3    N/A
 Dazzling Orbs            Conj/Hex       #......      100%        3    N/A
 Mephitic Cloud           Conj/Pois/Air  #.......     100%        3    N/A
 Ozocubu's Armour         Chrm/Ice       #.......     100%        3    N/A
 Tukima's Dance           Hex            #.......     100%        3    N/A
 Vampiric Draining        Necr           #.........   100%        3    N/A
 Animate Dead             Necr           N/A          100%        4    N/A
 Cause Fear               Hex            #.........   100%        4    N/A
 Dispel Undead            Necr           #.......     100%        5    N/A
 Borgnjor's Vile Clutch   Necr/Erth      #.........   100%        6    N/A
 Simulacrum               Ice/Necr       #.......     100%        6    N/A
 Regeneration             Chrm/Necr      Unusable     N/A         3    N/A
 Spider Form              Tmut/Pois      Unusable     N/A         3    N/A

Dungeon Overview and Level Annotations

Branches:
Dungeon (7/12)             Temple (0/1) D:5            Lair (0/6) D:7

Altars:
Dithmenos
Kikubaaqudgha
Makhleb
Okawaru
Ru
Sif Muna
Uskayaw


Innate Abilities, Weirdness & Mutations

You do not eat or drink.
You are immune to poison.
Your flesh is cold resistant. (rC+)
Your body sometimes deteriorates upon taking damage.
You are immune to negative energy. (rN+++)
You regenerate a little health from kills.
You are immune to unholy pain and torment.
You can survive without breathing.
When hurt, damage is shared between your health and your magic reserves.
Your movements are slightly less encumbered by armour. (ER -2)
Casting spells heals you.


Message History

You climb downwards.
A rune on the stairs sparks and fizzles.
There is a stone staircase leading up here.
Evoke which item? (* to show all) (? for menu, Esc to quit)
Okay, then.
There is a stone staircase leading up here.
You see here a +0 mace.
You see here a +0 giant club.
The centaur warrior shouts!
The centaur warrior shoots an arrow.
The arrow hits you!!
Ouch! That really hurt!
The centaur warrior shoots an arrow.
You block the arrow.
The centaur warrior shoots an arrow.
The arrow hits you!
* * * LOW HITPOINT WARNING * * *
The centaur warrior shoots an arrow.
The arrow hits you!
* * * LOW HITPOINT WARNING * * *
Your body deteriorates!
You feel dopey.
The centaur warrior shoots an arrow.
The arrow hits you!
You die...
Kikubaaqudgha rasps: "You have failed me!
Welcome... oblivion!"

### ######## ..#######
###......##
........####.........##
........##c........<..#
.≈≈≈.......#..........#
≈≈≈≈≈.....##..........#
≈≈≈≈≈≈..#.##..........###
≈≈≈.c.....##............#
≈≈≈≈≈≈..#####...@....##.####
........# #........<......#
≈≈≈≈≈≈..####........))..#..#
≈≈≈≈≈≈...........(.....###....
.≈≈≈≈..............##..# ..##
≈.≈.≈...####.......###..# ##
≈..≈....# ##.......##....
.....≈..# ##.............
........# #....##.)......


You could see a centaur warrior.

Vanquished Creatures
  Pikel (D:7)
  A hungry ghost (D:3)
  An orc warrior (D:6)
  3 slaves (D:7)
  A sky beast (D:6)
  3 ogres
  3 wolves (D:7)
  3 bullfrogs
  A water moccasin zombie (D:6)
  A centaur (D:5)
  A howler monkey (D:6)
  9 orc priests
  2 crimson imps
  A bullfrog zombie (D:5)
  5 hounds
  10 orc wizards
  An iguana (D:6)
  2 worker ants
  2 worker ant zombies (D:6)
  Robin (D:2)
  A gnoll (D:3)
  A howler monkey skeleton (D:3)
  11 adders
  3 river rats (Sewer)
  6 shadow imps
  4 oozes
  2 adder skeletons
  5 worms
  A dart slug (D:4)
  4 leopard geckos
  28 orcs
  7 bats
  6 giant cockroaches
  13 goblins
  12 hobgoblins
  5 jackals
  6 quokkas
  9 ball pythons
  8 frilled lizards
  11 kobolds
  A quokka skeleton (D:5)
  30 rats
226 creatures vanquished.

Vanquished Creatures (others)
  2 spectral weapons (D:7)
2 creatures vanquished.

Grand Total: 228 creatures vanquished

Notes
Turn   | Place    | Note
-------+----------+-------------------------------------------
     0 | D:1      | Mehrunes the Skeleton Skald began the quest for the Orb.
     0 | D:1      | Reached XP level 1. HP: 12/12 MP: 4/4
   254 | D:1      | Reached skill level 3 in Axes
   254 | D:1      | Reached XP level 2. HP: 8/17 MP: 3/6
   517 | D:1      | Learned a level 2 spell: Song of Slaying
   809 | D:2      | Reached XP level 3. HP: 21/21 MP: 7/7
   883 | D:1      | HP: 1/21 [crimson imp/flame tongue (6)]
  1095 | D:2      | Noticed Robin
  1110 | D:2      | Killed Robin
  1111 | D:2      | Reached skill level 4 in Axes
  1209 | D:2      | Reached XP level 4. HP: 26/26 MP: 5/8
  1903 | D:3      | Learned a level 2 spell: Swiftness
  2009 | D:3      | Noticed a hungry ghost
  2029 | D:3      | Killed a hungry ghost
  2030 | D:3      | Reached skill level 6 in Axes
  2030 | D:3      | Reached skill level 5 in Charms
  2030 | D:3      | Reached XP level 5. HP: 28/30 MP: 3/9
  2341 | D:3      | Gained mutation: You regenerate a little health from kills.
                  | [Skeleton growth]
  2341 | D:3      | Reached XP level 6. HP: 35/35 MP: 8/10
  2562 | D:3      | Found an iron altar of Okawaru.
  2714 | D:3      | Found a hide-covered altar of Uskayaw.
  2815 | D:4      | Found a blossoming altar of Fedhas.
  2823 | D:4      | Found an ancient bone altar of Kikubaaqudgha.
  2840 | D:4      | Became a worshipper of Kikubaaqudgha
  2913 | D:4      | Reached skill level 7 in Axes
  2918 | D:4      | Learned a level 3 spell: Spectral Weapon
  2940 | D:4      | Reached skill level 1 in Hexes
  3097 | D:4      | Reached XP level 7. HP: 30/40 MP: 4/11
  3283 | D:4      | Reached * piety under Kikubaaqudgha
  3283 | D:4      | Identified Kikubaaqudgha's Guide on Black Rituals
                  | (Kikubaaqudgha gifted it to you on level 4 of the Dungeon)
  3283 | D:4      | Received a gift from Kikubaaqudgha
  3438 | D:4      | Reached skill level 8 in Axes
  3629 | D:5      | Entered Level 5 of the Dungeon
  3696 | D:5      | Found a staircase to the Ecumenical Temple.
  3746 | D:5      | Found a glowing drain.
  3770 | Sewer    | Entered a sewer
  3796 | Sewer    | Reached ** piety under Kikubaaqudgha
  3860 | Sewer    | Reached skill level 9 in Axes
  4026 | Sewer    | Reached XP level 8. HP: 42/44 MP: 7/12
  4027 | Sewer    | Reached *** piety under Kikubaaqudgha
  4027 | Sewer    | Identified Kikubaaqudgha's Handbook of Dark Magic
                  | (Kikubaaqudgha gifted it to you in a sewer)
  4027 | Sewer    | Received a gift from Kikubaaqudgha
  4178 | D:5      | Reached skill level 10 in Axes
  4308 | D:5      | Found a sacrificial altar of Ru.
  4849 | D:6      | Reached skill level 11 in Axes
  5127 | D:6      | Found a shimmering blue altar of Sif Muna.
  5462 | D:6      | Reached **** piety under Kikubaaqudgha
  5463 | D:6      | Reached skill level 12 in Axes
  5644 | D:7      | Noticed a troll
  5754 | D:7      | Found a burning altar of Makhleb.
  5791 | D:7      | Reached XP level 9. HP: 48/48 MP: 13/13
  5808 | D:7      | Noticed Pikel
  5816 | D:7      | Killed Pikel
  5817 | D:7      | Reached skill level 13 in Axes
  6017 | D:7      | Noticed a troll
  6340 | D:7      | Found a shadowy altar of Dithmenos.
  6347 | D:7      | Noticed a centaur warrior
  6801 | D:7      | Reached skill level 14 in Axes
  6806 | D:7      | Found a staircase to the Lair.
  6972 | D:7      | Shot with an arrow by a centaur warrior

Skill      XL: |  1  2  3  4  5  6  7  8  9 |
---------------+----------------------------+-----
Axes           | 3 4 6 7 9 12 14 | 14.0
Charms         | 4 5 6 |  6.0
Hexes          | 1 3 |  3.0
Fighting       | |  2.0
Armour         | |  1.1
Dodging        | |  2.0
Spellcasting   | |  3.0

Action                   |  1- 3 |  4- 6 |  7- 9 || total
-------------------------+-------+-------+-------++-------
Melee: War axe           |   111 |    82 |    10 ||   203
       Hand axe          |       |    61 |   321 ||   382
 Fire: Hunting sling     |       |     5 |       ||     5
       Blowgun           |       |       |     5 ||     5
 Cast: Infusion          |    12 |    24 |    27 ||    63
       Spectral Weapon   |       |     1 |    17 ||    18
       Song of Slaying   |       |       |     3 ||     3
       Swiftness         |       |       |     1 ||     1
  Use: Scroll            |       |       |     8 ||     8
 Stab: Invisible         |       |       |     1 ||     1
       Paralysed         |       |       |     1 ||     1
Armor: Leather armour    |    27 |    40 |    70 ||   137
       Scale mail        |       |       |    25 ||    25
Dodge: Dodged            |    98 |   103 |   167 ||   368
Block: Other             |       |       |    16 ||    16
       Medium shield     |       |       |     9 ||     9
